 Dungeon Crawl Stone Soup version 0.18-a0-1523-gbe15c29 (webtiles) character file.

287 M4edhros the Grasshopper (level 5, -5/41 HPs)
             Began as a Demigod Warper on Mar 7, 2016.
             Slain by a centaur (6 damage)
             ... on level 4 of the Dungeon.
             The game lasted 00:10:16 (1600 turns).

M4edhros the Grasshopper (Demigod Warper)           Turns: 1600, Time: 00:10:16

Health: -5/41      AC:  7    Str: 16    XL:     5   Next: 80%
Magic:  0/10       EV: 10    Int: 22    God:
Gold:   98         SH:  0    Dex: 15    Spells: 3 memorised, 2 levels left

rFire  + . .     SeeInvis .     q - +1 dagger (venom)
rCold  + . .     Gourm    .     p - +0 scale mail
rNeg   . . .     Faith    .     (no shield)
rPois  +         Spirit   +     j - +0 helmet (curse)
rElec  +         Dismiss  .     (no cloak)
rCorr  +         Reflect  .     (no gloves)
SustAt +         Harm     .     (no boots)
MR     .....                    u - amulet of guardian spirit
Stlth  ..........               (no ring)
                                r - ring of wizardry

@: brilliant, resistant, not resistant to hostile enchantments, extremely
unstealthy
A: high mp 1, sustain attributes
a: no special abilities


You were on level 4 of the Dungeon.
You were not hungry.

You visited 1 branch of the dungeon, and saw 4 of its levels.

You collected 98 gold pieces.

Inventory:

Hand Weapons
 a - a +0 spear
 q - a +1 dagger of venom (weapon)
Missiles
 e - 5 tomahawks of dispersal (quivered)
 i - 124 stones
 s - 22 sling bullets
Armour
 j - a cursed +0 helmet (worn)
 p - a +0 scale mail (worn)
Jewellery
 r - a ring of wizardry (left hand)
 t - an uncursed amulet of harm
 u - an amulet of guardian spirit (around neck)
Wands
 w - a wand of confusion (19/48)
Scrolls
 d - a scroll of blinking
 h - a scroll of fear {unknown}
 k - a scroll of enchant weapon {unknown}
 m - 3 scrolls of remove curse {unknown}
Potions
 o - a potion of brilliance
 x - a potion of heal wounds {unknown}
Books
 c - a book of Spatial Translocations

   Spells                             Type                      Level
   a - Apportation                    Translocation                1
   b - Blink                          Translocation                2
   c - Shroud of Golubria             Charms/Translocation         2
   d - Portal Projectile              Translocation                3
   e - Teleport Other                 Translocation                3
   f - Passage of Golubria            Translocation                4
Comestibles
 f - a bread ration
 g - 2 meat rations
 l - 5 chunks of flesh
 n - 2 beef jerkies


   Skills:
 - Level 1.7 Fighting
 + Level 4.3 Polearms
 - Level 0.8 Throwing
 - Level 0.8 Armour
 - Level 1.7 Dodging
 - Level 1.7 Spellcasting
 + Level 4.7 Translocations


You had 2 spell levels left.
You knew the following spells:

 Your Spells              Type           Power        Failure   Level  Hunger
a - Apportation           Tloc           #####.....   1%          1    #......
b - Blink                 Tloc           N/A          1%          2    ###....
c - Shroud of Golubria    Chrm/Tloc      ####......   4%          2    ###....


Dungeon Overview and Level Annotations

Branches:
Dungeon (4/15)
 Temple: D:4-7


Innate Abilities, Weirdness & Mutations

You have an increased reservoir of magic (+10% MP).
Your attributes are resistant to harm.


Message History

The centaur is heavily wounded.
The centaur hits you.
* * * LOW HITPOINT WARNING * * *
The centaur hits you.
* * * LOW HITPOINT WARNING * * *
Drink which item? (? for menu, Esc to quit)
Okay, then.
Read which item? (? for menu, Esc to quit)
Okay, then.
Casting: Blink
Confirm with . or Enter, or press ? or * to list all spells.
Okay, then.
Evoke which item? (* to show all) (? for menu, Esc to quit)
Zapping:
w - a wand of confusion (will waste charges)
Press: ? - help, Shift-Dir - straight line, f - centaur
Aim: a centaur (heavily wounded, poisoned, chance to defeat MR: 46%)
The centaur resists with some effort.
Evoking this partially-identified wand wasted a few charges.
The centaur hits you!
You die...

########
############......#
...........#......#
.[.........#......#
......c@(..#......#
.####..##(##......#
####.........# #........[#
#.........# #.........#
#########.........#
........................###
........................#


You could see a centaur.

Vanquished Creatures
  Eustachio (D:4)
  A hound (D:4)
  A worker ant (D:4)
  2 adders (D:3)
  An ooze (D:2)
  An adder skeleton (D:4)
  2 worms (D:3)
  2 dart slugs (D:2)
  A giant gecko (D:2)
  2 ball pythons
  2 giant cockroaches (D:3)
  11 goblins
  8 hobgoblins
  4 jackals (D:4)
  2 quokkas (D:2)
  6 bats
  A giant gecko skeleton (D:4)
  2 giant newts
  6 kobolds
  4 rats
60 creatures vanquished.

Notes
Turn   | Place    | Note
--------------------------------------------------------------
     0 | D:1      | M4edhros the Demigod Warper began the quest for the Orb.
     0 | D:1      | Reached XP level 1. HP: 17/17 MP: 5/5
   191 | D:2      | Found a burning altar of Makhleb.
   211 | D:2      | Reached XP level 2. HP: 18/24 MP: 7/7
   556 | D:2      | Reached XP level 3. HP: 10/29 MP: 8/8
   656 | D:1      | Learned a level 2 spell: Blink
   659 | D:1      | Learned a level 2 spell: Shroud of Golubria
  1148 | D:3      | Found a faded altar to an unknown god.
  1300 | D:3      | Reached XP level 4. HP: 12/36 MP: 5/9
  1307 | D:3      | Found an oddly glowing altar of Pakellas.
  1467 | D:4      | Noticed Eustachio
  1483 | D:4      | Killed Eustachio
  1483 | D:4      | Reached XP level 5. HP: 12/41 MP: 6/10
  1533 | D:4      | Noticed an orc warrior
  1589 | D:4      | Noticed a centaur
  1599 | D:4      | HP: 1/41 [centaur (3)]
  1600 | D:4      | Slain by a centaur

Vault maps used:
D:1:      dpeg_arrival_concentric_ovals, grunt_decor_mini_mirrors,
          nrook_mini_vaults
D:2:      overflow_temple_1_default, minivault_19, grunt_ministairs_15,
          minmay_misc_feat_encased
D:3:      minmay_overflow_temple_star_hex, ecumenical_altar_1
D:4:      kennysheep_six_static_rooms, serial_shops, kennysheep_mini_moat,
          first_bread, minmay_strange_pillars, uniq_eustachio, uniq_robin

Skill      XL: |  1  2  3  4 |
---------------+-------------+-----
Polearms       | 2 3 4 |  4.3
Translocations | 3 4 |  4.7
Fighting       | |  1.7
Throwing       | |  0.8
Armour         | |  0.8
Dodging        | |  1.7
Spellcasting   | |  1.7

Action                   |  1- 3 |  4- 6 || total
-------------------------+-------+-------++-------
Melee: Spear             |   209 |    31 ||   240
       Dagger            |    18 |    28 ||    46
 Cast: Apportation       |     1 |     1 ||     2
       Blink             |       |     1 ||     1
Evoke: Wand              |     1 |     1 ||     2
  Use: Potion            |       |     3 ||     3
 Stab: Sleeping          |     1 |       ||     1
  Eat: Chunk             |     1 |     2 ||     3
